 Dungeon Sprint DCSS version 0.27-a0-1147-gb3d8e82157 (webtiles) character file.

Game seed: 4856331133180412541

333 Zeld the Zephyrmancer (level 6, -16/43 HPs)
             Began as an Octopode Air Elementalist on May 11, 2021.
             Was a Believer of Sif Muna.
             Killed from afar by a rime drake (30 damage)
             ... with a flash freeze
             ... in the Dungeon (Sprint V: "Ziggurat Sprint").
             The game lasted 00:01:09 (346 turns).

Zeld the Zephyrmancer (Octopode Air Elementalist)    Turns: 346, Time: 00:01:11

Health: -16/43     AC:  1    Str:  8    XL:     6   Next: 53%
Magic:  15/15      EV: 14    Int: 19    God:    Sif Muna [**....]
Gold:   0          SH:  0    Dex: 12    Spells: 14/17 levels left

rFire    . . .     SeeInvis .   (no weapon)
rCold    . . .     Faith    .   (no shield)
rNeg     . . .     Spirit   .   (helmet restricted)
rPois    .         Reflect  .   (no amulet)
rElec    .         Harm     .   (no ring)
rCorr    .         Rampage  .   (no ring)
Will     .....     NoTele   +   (no ring)
Stlth    +++.......             (no ring)
HPRegen  0.14/turn              (no ring)
MPRegen  0.14/turn              (no ring)
                                (no ring)
                                (no ring)

@: no status effects
A: almost no armour, amphibious, 8 rings, camouflage 1, gelatinous body 1,
(nimble swimmer 1), tentacles
a: Renounce Religion, Channel Magic


You were in the Dungeon.
You worshipped Sif Muna.
Sif Muna was pleased with you.
You visited 1 branch

Inventory:

Armour
 a - a +3 tower shield
Jewellery
 v - a +6 ring of intelligence
 w - a +6 ring of intelligence
Wands
 r - a wand of mindburst (7)
 t - a wand of acid (7)
Scrolls
 g - 3 scrolls of blinking
 h - 4 scrolls of amnesia
 i - 7 scrolls of fog
 j - a scroll of holy word
 k - 5 scrolls of identify
 l - 2 scrolls of fear
Potions
 b - 10 potions of curing
 c - 10 potions of heal wounds
 d - 6 potions of haste
 e - 7 potions of magic
 f - 3 potions of berserk rage
 m - 2 potions of brilliance
 n - 2 potions of invisibility
 o - 4 potions of resistance
 q - 5 potions of might
Miscellaneous
 u - a lightning rod (4/4)


   Skills:
 + Level 4.2 Fighting
 + Level 4.8 Dodging
 - Level 2.6 Stealth
 + Level 6.0 Spellcasting
 - Level 1.0 Conjurations
 * Level 9.3 Air Magic
 * Level 6.7 Invocations


You had 14 spell levels left.
You knew the following spells:

 Your Spells              Type           Power      Damage    Failure   Level
a - Shock                 Conj/Air       100%       1d9       1%          1
b - Static Discharge      Conj/Air       25%        N/A       1%          2

Your spell library contained the following spells:

 Spells                   Type           Power      Damage    Failure   Level
 Swiftness                Air            41%        N/A       1%          3
 Airstrike                Air            20%        N/A       2%          4
 Lightning Bolt           Conj/Air       12%        1d26      36%         5


Dungeon Overview and Level Annotations

Branches:
Dungeon (1/1)

Altars:
Ashenzari
Cheibriados
Dithmenos
Elyvilon
Fedhas
Gozag
Hepliaklqana
Kikubaaqudgha
Makhleb
Nemelex Xobeh
Okawaru
Qazlal
Ru
Sif Muna
Trog
Uskayaw
Vehumet
Wu Jian
Xom
Yredelemnul
Zin
The Shining One
Beogh
Jiyva
Lugonu

Annotations:
D 1 transporter


Innate Abilities, Weirdness & Mutations

You cannot wear most types of armour.
You are amphibious.
You can wear up to eight rings at the same time.
Your skin changes colour to match your surroundings (Stealth+).
Your rubbery body absorbs attacks. (AC +1, EV +1)
((You are camouflaged near water. (Stealth+)))
You have tentacles for arms and can constrict up to eight enemies at once.


Message History

The iceblast engulfs the steam dragon!
The steam dragon is severely wounded.
Unknown command.
Unknown command.
Unknown command.
Unknown command.
Aiming: Iceblast
Press: ? - help, Shift-Dir - straight line, f/p - rime drake
Aim: a rime drake (severely wounded, catching its breath)
The mass of ice explodes!
The iceblast engulfs the rime drake!
The rime drake partially resists.
The rime drake is almost dead.
The iceblast engulfs the steam dragon!
The steam dragon is almost dead.
The iceblast engulfs the rime drake.
The rime drake partially resists.
The rime drake is severely wounded.
The iceblast engulfs the steam dragon!
You kill the steam dragon!
Sif Muna accepts your kill.
The now-empty wand crumbles to dust.
The steam dragon breathes steam at you. The ball of steam hits you!
Your Fighting skill increases to level 4!
Your Spellcasting skill increases to level 6!
Your Air Magic skill increases to level 9!
Your Invocations skill increases to level 6!
You have reached level 6!
Your experience leads to an increase in your attributes!
Increase (S)trength, (I)ntelligence, or (D)exterity?
You feel clever.
Unknown command.
Okay, then.
Blink to where?
Press: ? - help, Dir - move target, p - rime drake
As you read the scroll of blinking, it crumbles to dust.
The ice encasing you melts away. The rime drake breathes ice at you.
The flash freeze hits you!!
Ouch! That really hurt!
You die...

▓▓▓▓▓▓▓▓▓▓▓▓▓▓▓▓▓▓▓
▓.8©8@▓.8©8.▓.8©8.▓
▓.?D).▓.[)|.▓.....▓
▓..)..▓.....▓.).).▓
▓.§...▓...†.▓.....▓
▓.§...▓.....▓.....▓
▓.k§k.▓.....▓..©..▓
▓..§..▓..©..▓▓▓▓▓▓▓
▓▓▓▓▓▓▓▓▓▓▓▓▓


You could see 2 rime drakes and a steam dragon (catching breath).

Vanquished Creatures
  A steam dragon (D)
  A necrophage (D)
  A phantom (D)
  A jelly (D)
  A bat skeleton (D)
  An endoplasm (D)
6 creatures vanquished.

Notes
Turn   | Place    | Note
-------+----------+-------------------------------------------
     0 | D        | Zeld the Octopode Air Elementalist began the quest for the
                  | Orb.
     0 | D        | Reached XP level 1. HP: 11/11 MP: 3/3
     2 | D        | Found a blossoming altar of Fedhas.
     3 | D        | Found the +6 Majin-Bo {vamp, MP+6 Int+6}
     3 | D        | Found the +9 heavy crossbow "Sniper" {vorpal, Acc+∞ SInv}
     3 | D        | Found the +10 dark maul {vorpal}
     3 | D        | Found the +15 Maxwell's patent armour {-Cast -Tele rElec
                  | Will+ rCorr}
     3 | D        | Found the +18 shield of the Gong {rElec rN+ Will+ EV-5}
     3 | D        | Found the +14 obsidian axe {vorpal, Drain Fly SInv}
     3 | D        | Found the +7 great mace "Firestarter" {inner flame, rF++}
     3 | D        | Found the +6 shillelagh "Devastator" {shatter}
     3 | D        | Found the +11 plutonium sword {Contam Stlth-}
     3 | D        | Found the +8 lance "Wyrmbane" {slay drac, rPois rF+ rC+
                  | AC+3}
     3 | D        | Found the +9 sword of Zonguldrok {reap}
     3 | D        | Found the +13 scythe of Curses {drain, Drain}
     3 | D        | Found the +5 sword of Power {vorpal}
     3 | D        | Found the +7 mace of Variability {chain chaos}
     3 | D        | Found the +7 Singing Sword {vorpal, sonic wave}
     3 | D        | Found the +8 storm bow {elec, penet}
     6 | D        | Found a transporter.
     6 | D        | Found a viscous altar of Jiyva.
     6 | D        | Found an ancient bone altar of Kikubaaqudgha.
     6 | D        | Found a hazy altar of Hepliaklqana.
     6 | D        | Found a corrupted altar of Lugonu.
     6 | D        | Found an opulent altar of Gozag.
     6 | D        | Found a burning altar of Makhleb.
     7 | D        | Found a sacrificial altar of Ru.
     7 | D        | Found a shimmering blue altar of Sif Muna.
     7 | D        | Found a stormy altar of Qazlal.
     7 | D        | Found a bloodstained altar of Trog.
     7 | D        | Found an iron altar of Okawaru.
     7 | D        | Found a sparkling altar of Nemelex Xobeh.
    24 | D        | Reached skill level 6 in Air Magic
    24 | D        | Reached XP level 2. HP: 17/17 MP: 4/7
    29 | D        | Became a worshipper of Sif Muna the Loreminder
    33 | D        | Learned a level 2 spell: Static Discharge
    83 | D        | Entered arena 2.
    83 | D        | Found a transporter.
    87 | D        | Reached skill level 1 in Fighting
    87 | D        | Reached skill level 7 in Air Magic
    87 | D        | Reached XP level 3. HP: 23/23 MP: 5/9
   303 | D        | Entered arena 3.
   303 | D        | Noticed a phantom
   303 | D        | Noticed a necrophage
   303 | D        | Found a transporter.
   304 | D        | Reached * piety under Sif Muna
   307 | D        | Killed a necrophage
   308 | D        | Reached skill level 5 in Spellcasting
   308 | D        | Reached skill level 8 in Air Magic
   308 | D        | Reached XP level 4. HP: 27/30 MP: 11/11
   308 | D        | Reached XP level 5. HP: 31/35 MP: 12/12
   309 | D        | Killed a phantom
   310 | D        | Reached skill level 5 in Invocations
   342 | D        | Entered arena 4.
   342 | D        | Noticed a steam dragon
   342 | D        | Noticed a steam dragon
   342 | D        | Noticed a rime drake
   342 | D        | Noticed a rime drake
   342 | D        | Found a transporter.
   345 | D        | Killed a steam dragon
   345 | D        | Reached ** piety under Sif Muna
   346 | D        | Reached skill level 9 in Air Magic
   346 | D        | Reached XP level 6. HP: 14/43 MP: 15/15
   346 | D        | Killed from afar by a rime drake

Illustrated notes

Levels and vault maps discovered:
D:        sprint_v [room_start, room_1, room_2, room_3, room_4, room_5, room_6,
          room_7, room_8, room_9, room_10, room_11, room_12, room_13, room_14,
          room_15, room_16, room_17, room_18, room_19, room_20, room_21,
          room_22, room_23, room_24, room_25, room_26, room_27]

Skill      XL: |  1  2  3  4  5 |
---------------+----------------+-----
Spellcasting   | 4 5 6 |  6.0
Air Magic      | 6 7 8 9 |  9.3
Fighting       | 1 2 4 |  4.2
Invocations    | 2 4 6 |  6.7
Dodging        | 3 4 |  4.8
Stealth        | |  2.6
Conjurations   | |  1.0

Action                   |  1- 3 |  4- 6 || total
-------------------------+-------+-------++-------
Melee: Unarmed           |     1 |       ||     1
 Cast: Shock             |     4 |       ||     4
Evoke: Wand              |     4 |     3 ||     7
       Lightning rod     |       |     2 ||     2
  Use: Potion            |     1 |       ||     1
       Scroll            |       |     1 ||     1
Dodge: Dodged            |       |     1 ||     1

Table legend: (Time is in decaauts)
 A = Elapsed time spent in this place.
 B = Non-inter-level travel time spent in this place.
 C = Inter-level travel time spent in this place.
 D = Time resting spent in this place.
 E = Time spent auto-exploring this place.
 F = Levels seen in this place.
 G = Mean time per level.
                   A        B        C        D        E       F      G
               +--------+--------+--------+--------+--------+-----+--------+
         Total |    346 |    346 |      0 |    269 |      0 |   1 |  346.0 |
       Dungeon |    346 |    346 |      0 |    269 |      0 |   1 |  346.0 |
               +--------+--------+--------+--------+--------+-----+--------+

Top non-repeatable levels by time:
       D: 346 daAuts
